 Dungeon Sprint DCSS version 0.30-a0-1163-gf69bf04e7a (webtiles) character file.

Game seed: 14783491941376067639

10677 howech the Ninja (level 11, -22/47 HPs)
             Began as a Spriggan Enchanter on Apr 28, 2023.
             Was a High Priest of Sif Muna.
             Annihilated by a lorocyproca (31 damage)
             ... in the Dungeon (Sprint I: "Red Sonja").
             The game lasted 00:16:19 (1232 turns).

howech the Ninja (Spriggan Enchanter)               Turns: 1232, Time: 00:16:20

Health: -22/47     AC:  3    Str:  4    XL:     11   Next: 39%
Magic:  4/27       EV: 20    Int: 21    God:    Sif Muna [*****.]
Gold:   750        SH:  0    Dex: 22    Spells: 25/33 levels left

rFire   . . .        q - +4 dagger "Jetewn" {freeze, rPois Dex+6}
rCold   . . .        (no shield)
rNeg    . . .        k - +1 robe {Will+}
rPois   +            (helmet restricted)
rElec   .            (no cloak)
rCorr   .            (gloves unavailable)
SInv    +            (boots unavailable)
Will    ++...        (no amulet)
Stlth   ++++++++++   (no ring)
HPRegen 0.27/turn    (no ring)
MPRegen 0.20/turn

%: no teleportation
@: confusing by touch, very quick
A: very small, no large weapons, unfitting armour, see invisible, speed 3
a: Renounce Religion, Channel Magic, Forget Spell, Divine Exegesis


You were in the Dungeon.
You worshipped Sif Muna.
Sif Muna was extremely pleased with you.
You visited 1 branch You collected 1562 gold pieces.
You spent 794 gold pieces at shops.
You donated 18 gold pieces to Zin.

Inventory:

Hand Weapons
 a - a +1 dagger
 p - a +1 dagger of venom
 q - the +4 dagger "Jetewn" (weapon) {freeze, rPois Dex+6}
   (You bought it in a shop in the Dungeon)

   Dex:       It affects your dexterity (+6).
   rPois:     It protects you from poison.
Armour
 b - a +0 robe
 k - a +1 robe of willpower (worn)
Wands
 h - a wand of quicksilver (10)
Scrolls
 i - 2 scrolls of blinking
 j - 2 scrolls of enchant weapon
 n - a scroll of fog
 s - a scroll of enchant armour
 t - a scroll of fear {unknown}
 u - a scroll of vulnerability {unknown}
Potions
 c - a potion of attraction
 d - 5 potions of curing
 g - a potion of magic
 l - 2 potions of mutation
 m - a potion of ambrosia
 o - a potion of cancellation
 r - a potion of lignification
Miscellaneous
 f - a phial of floods


   Skills:
 - Level 10.0 Short Blades
 - Level 5.0 Dodging
 O Level 27 Stealth
 + Level 11.7 Spellcasting
 + Level 3.7 Conjurations
 - Level 10.0 Hexes
 + Level 3.9 Fire Magic
 - Level 10.0 Ice Magic
 + Level 4.4 Air Magic
 + Level 4.8 Invocations
 - Level 5.0 Evocations


You had 25 spell levels left.
You knew the following spells:

 Your Spells              Type           Power      Damage    Failure   Level
a - Ensorcelled Hibernat  Hex/Ice        100%       N/A       1%          2
b - Confusing Touch       Hex            53%        N/A       1%          3
c - Dazzling Flash        Conj/Hex       82%        N/A       1%          3

Your spell library contained the following spells:

 Spells                   Type           Power      Damage    Failure   Level
 Slow                     Hex            100%       N/A       1%          1
 Tukima's Dance           Hex            53%        N/A       1%          3
 Swiftness                Air            30%        N/A       2%          3
 Metabolic Englaciation   Hex/Ice        26%        N/A       2%          5
 Momentum Strike          Conj/Tloc      40%        3d9       3%          2
 Passwall                 Tmut/Erth      10%        N/A       9%          2
 Gell's Gravitas          Tloc           12%        N/A       16%         3
 Teleport Other           Tloc           12%        N/A       16%         3
 Summon Mana Viper        Hex/Summ       33%        N/A       19%         5
 Enfeeble                 Hex            26%        N/A       58%         7
 Summon Forest            Summ/Tloc      6%         N/A       83%         5
 Iron Shot                Conj/Erth      10%        9d3       98%         6
 Discord                  Hex            26%        N/A       99%         8
 Summon Cactus Giant      Summ           6%         N/A       100%        6
 Malign Gateway           Summ/Tloc      6%         N/A       100%        7
 Disjunction              Tloc           6%         N/A       100%        8


Dungeon Overview and Level Annotations

Branches:
Dungeon (1/1)

Altars:
Cheibriados
Dithmenos
Elyvilon
Fedhas
Gozag
Hepliaklqana
Kikubaaqudgha
Makhleb
Nemelex Xobeh
Okawaru
Qazlal
Ru
Sif Muna
Trog
Uskayaw
Vehumet
Wu Jian
Xom
Yredelemnul
Zin
The Shining One
Jiyva
Lugonu

Shops:
D !??([[([[(((:(:=*:([*


Innate Abilities, Weirdness & Mutations

You are very small and have problems with some larger weapons.
You are too small for most types of armour.
You have supernaturally acute eyesight. (SInv)
You cover ground extremely quickly. (Speed+++)


Message History

Casting: Confusing Touch (safe; 1% risk of failure)
Confirm with . or Enter, or press ? or * to list all spells.
Your hands begin to glow brighter.
Casting: Confusing Touch (safe; 1% risk of failure)
Confirm with . or Enter, or press ? or * to list all spells.
Your hands begin to glow brighter.
You barely miss the lorocyproca.
The lorocyproca hits you but does no damage.
You hit the lorocyproca but do no damage.
You hit the lorocyproca but do no damage.
The lorocyproca misses you.
You hit the lorocyproca but do no damage.
You barely miss the lorocyproca. The lorocyproca barely misses you.
You hit the lorocyproca but do no damage.
Aiming: Quicksilver Bolt
Press: ? - help, Shift-Dir - straight line, f - lorocyproca
Aim: a lorocyproca (slightly transparent, chance to confuse on hit: 0%, 67% to hit)
The bolt of dispelling energy hits the lorocyproca!!
The lorocyproca is moderately wounded.
The lorocyproca closely misses you.
You miss the lorocyproca.
The lorocyproca is moderately wounded.
The lorocyproca hits you!!
You feel your power leaking away.
Unknown command.
You hit the lorocyproca but do no damage.
The lorocyproca is moderately wounded.
You closely miss the lorocyproca.
The lorocyproca is moderately wounded.
The lorocyproca hits you!
* * * LOW HITPOINT WARNING * * *
You feel your power leaking away.
Unknown command.
Aiming: Quicksilver Bolt
Press: ? - help, Shift-Dir - straight line, f/p - lorocyproca
Aim: a lorocyproca (noxious fumes, moderately wounded, slightly transparent, chance to confuse on hit: 0%, 67% to hit)
The bolt of dispelling energy misses the lorocyproca.
The lorocyproca hits you!!
Ouch! That really hurt!
You die...

##################
)'..#__#..'.).#..#
.#..'..'..#...##'#
###'#__####)..††.# ##
..#[####..#####..+ #+#$###
.##[#§§§§§#..##+####..$#y#
'#_.+§§§§§§..#..@2.#..$###
..._#~~§.)#..#...°○☼..$$$#
_.#'##'#####'###○)°#.....#
#'#.#..).###.'§#☼.°###++##
#.####'###.###§#.☼##
...'..[..'.∩##§#..#
.).###########§##'#
#.###.......##§##.#
#'#.#........+§####


You could see a lorocyproca (invisible).

Vanquished Creatures
  2 centaur warriors (D)
  Sonja (D)
  A deep troll (D)
  An oklob plant (D)
  8 shining eyes (D)
  4 demonic crawlers (D)
  A gargoyle (D)
  2 kobold demonologists (D)
  2 unseen horrors (D)
  A hornet (D)
  A slime creature (D)
  Sigmund (D)
  A yak (D)
  2 redbacks (D)
  6 floating eyes (D)
  An ogre (D)
  7 necrophages (D)
  8 jellies (D)
  Ijyb (D)
  A ballistomycete spore (D)
52 creatures vanquished.

Vanquished Creatures (others)
  A ballistomycete spore (D)
1 creature vanquished.

Grand Total: 53 creatures vanquished

Notes
Turn   | Place    | Note
-------+----------+-------------------------------------------
     0 | D        | howech the Spriggan Enchanter began the quest for the Orb.
     0 | D        | Reached XP level 1. HP: 9/9 MP: 5/5
     4 | D        | Noticed Ijyb
    11 | D        | Killed Ijyb
    12 | D        | Reached skill level 5 in Stealth
    12 | D        | Reached skill level 1 in Ice Magic
    12 | D        | Reached XP level 2. HP: 13/13 MP: 5/7
    18 | D        | Learned a level 2 spell: Ensorcelled Hibernation
    19 | D        | Noticed an ogre
    25 | D        | Killed an ogre
    26 | D        | Reached skill level 5 in Dodging
    26 | D        | Reached skill level 7 in Stealth
    26 | D        | Reached skill level 5 in Spellcasting
    26 | D        | Reached skill level 5 in Hexes
    26 | D        | Reached XP level 3. HP: 16/16 MP: 2/11
    26 | D        | Reached XP level 4. HP: 21/21 MP: 2/12
    33 | D        | Noticed Sigmund
    36 | D        | Killed Sigmund
    37 | D        | Reached skill level 5 in Short Blades
    37 | D        | Reached skill level 9 in Stealth
    37 | D        | Reached XP level 5. HP: 13/24 MP: 2/15
    37 | D        | Reached XP level 6. HP: 16/28 MP: 2/17
    59 | D        | Found an ornate altar of the Wu Jian Council.
    59 | D        | Found a shimmering blue altar of Sif Muna.
    61 | D        | Found a radiant altar of Vehumet.
    75 | D        | Found Malosove's Antique Weapon Emporium.
    75 | D        | Found an ancient bone altar of Kikubaaqudgha.
    75 | D        | Found a hazy altar of Hepliaklqana.
    75 | D        | Found a stormy altar of Qazlal.
    75 | D        | Found a hide-covered altar of Uskayaw.
    75 | D        | Found a blossoming altar of Fedhas.
    75 | D        | Found a bloodstained altar of Trog.
    75 | D        | Found an iron altar of Okawaru.
    75 | D        | Found a basalt altar of Yredelemnul.
    75 | D        | Found a glowing golden altar of the Shining One.
    75 | D        | Found a snail-covered altar of Cheibriados.
    75 | D        | Found a sacrificial altar of Ru.
    75 | D        | Found a glowing silver altar of Zin.
    75 | D        | Found a shadowy altar of Dithmenos.
    75 | D        | Found a white marble altar of Elyvilon.
    75 | D        | Noticed a yak
    76 | D        | Found an opulent altar of Gozag.
    77 | D        | Killed a yak
    78 | D        | Reached skill level 10 in Stealth
    78 | D        | Reached skill level 5 in Ice Magic
    78 | D        | Found a sparkling altar of Nemelex Xobeh.
    84 | D        | Became a worshipper of Zin the Law-Giver
    84 | D        | Reached * piety under Zin
    84 | D        | Reached ** piety under Zin
    84 | D        | Reached *** piety under Zin
    84 | D        | Reached **** piety under Zin
    84 | D        | Reached ***** piety under Zin
    91 | D        | Noticed Sonja
    95 | D        | Killed Sonja
    96 | D        | Reached skill level 12 in Stealth
    96 | D        | Reached XP level 7. HP: 30/32 MP: 7/21
    96 | D        | Reached XP level 8. HP: 33/36 MP: 7/22
    97 | D        | Reached ****** piety under Zin
   102 | D        | Found Juicwaikya's Distillery.
   110 | D        | Bought a potion of degeneration for 12 gold pieces
   112 | D        | Noticed a shining eye
   112 | D        | Noticed a shining eye
   112 | D        | Noticed a shining eye
   113 | D        | Noticed a shining eye
   113 | D        | Noticed a shining eye
   113 | D        | Noticed a shining eye
   117 | D        | Reached skill level 13 in Stealth
   117 | D        | Reached skill level 10 in Spellcasting
   117 | D        | Reached skill level 10 in Hexes
   117 | D        | Noticed a shining eye
   117 | D        | Noticed a shining eye
   125 | D        | Reached skill level 14 in Stealth
   129 | D        | Killed a shining eye
   130 | D        | Reached skill level 10 in Short Blades
   130 | D        | Reached skill level 15 in Stealth
   145 | D        | Learned a level 3 spell: Confusing Touch
   149 | D        | Learned a level 3 spell: Dazzling Flash
   177 | D        | Killed a shining eye
   178 | D        | Reached skill level 16 in Stealth
   178 | D        | Reached XP level 9. HP: 39/39 MP: 21/24
   192 | D        | Killed a shining eye
   193 | D        | Reached skill level 17 in Stealth
   225 | D        | Killed a shining eye
   226 | D        | Reached skill level 18 in Stealth
   226 | D        | Reached skill level 10 in Ice Magic
   248 | D        | Killed a shining eye
   249 | D        | Reached skill level 19 in Stealth
   274 | D        | Killed a shining eye
   275 | D        | Reached skill level 21 in Stealth
   312 | D        | Killed a shining eye
   313 | D        | Reached skill level 22 in Stealth
   313 | D        | Reached XP level 10. HP: 44/44 MP: 5/25
   332 | D        | Killed a shining eye
   333 | D        | Reached skill level 23 in Stealth
   358 | D        | Fell from the grace of Zin
   358 | D        | Became a worshipper of Sif Muna the Loreminder
   407 | D        | Found Efuo's Magic Scroll Shoppe.
   407 | D        | Found Dadin's Antique Armour Shop.
   407 | D        | Found Boqicw's Magic Scroll Emporium.
   407 | D        | Found Toriefini's Antique Armour Boutique.
   413 | D        | Bought a scroll of identify for 20 gold pieces
   413 | D        | Bought a scroll of identify for 20 gold pieces
   413 | D        | Bought a scroll of identify for 20 gold pieces
   415 | D        | Bought a scroll of blinking for 105 gold pieces
   422 | D        | Bought a runed robe for 88 gold pieces
   454 | D        | Noticed a deep troll
   458 | D        | Killed a deep troll
   459 | D        | Reached skill level 24 in Stealth
   468 | D        | Found Qeb Xurahyo's Armour Emporium.
   495 | D        | Noticed a centaur warrior
   496 | D        | Noticed a centaur warrior
   498 | D        | Killed a centaur warrior
   499 | D        | Reached skill level 25 in Stealth
   499 | D        | Killed a centaur warrior
   499 | D        | Reached * piety under Sif Muna
   500 | D        | Reached skill level 26 in Stealth
   507 | D        | Noticed an oklob plant
   509 | D        | Killed an oklob plant
   515 | D        | Reached ** piety under Sif Muna
   516 | D        | Reached skill level 27 in Stealth
   519 | D        | Reached skill level 1 in Invocations
   519 | D        | Reached skill level 1 in Evocations
   525 | D        | Reached skill level 1 in Fire Magic
   525 | D        | Reached skill level 1 in Air Magic
   534 | D        | Reached skill level 1 in Conjurations
   540 | D        | Reached *** piety under Sif Muna
   541 | D        | Reached XP level 11. HP: 34/47 MP: 19/26
   548 | D        | Reached **** piety under Sif Muna
   559 | D        | Reached ***** piety under Sif Muna
   561 | D        | Received a gift from Sif Muna
   576 | D        | Got Fuizxeud's Disquisition on Fascination {god gift}
   587 | D        | Found Celiqits's Armour Shoppe.
   587 | D        | Found Posmaif's Weapon Shop.
   587 | D        | Found Zir Hewk's Armour Boutique.
   589 | D        | Found Wawefor's Antique Weapon Emporium.
   589 | D        | Found Gihaep's Antique Weapon Shop.
   589 | D        | Found Vatiut's Weapon Shoppe.
   589 | D        | Found Deipyo's Book Boutique.
   589 | D        | Found Bane's Antique Weapon Emporium.
   589 | D        | Found Ycwi's Book Shop.
   589 | D        | Found Bomuw's Jewellery Shoppe.
   593 | D        | Found Cauchut's General Store.
   594 | D        | Found Husiag's Weapon Emporium.
   594 | D        | Found Vigh's Book Boutique.
   595 | D        | Found Xerghiuh's General Store.
   598 | D        | Bought a smoking dagger for 147 gold pieces
   598 | D        | Identified the +4 dagger "Jetewn" {freeze, rPois Dex+6}
                  | (You bought it in a shop in the Dungeon)
   610 | D        | Bought a book of Burglary for 280 gold pieces
   701 | D        | Found a viscous altar of Jiyva.
   701 | D        | Found a corrupted altar of Lugonu.
   702 | D        | Found a burning altar of Makhleb.
   702 | D        | Found a shimmering altar of Xom.
   728 | D        | Received a gift from Sif Muna
   902 | D        | Bought a scroll of identify for 28 gold pieces
   902 | D        | Bought a scroll of identify for 28 gold pieces
   955 | D        | Bought a scroll of identify for 20 gold pieces
   957 | D        | Bought a scroll of identify for 26 gold pieces
  1047 | D        | Reached skill level 5 in Evocations
  1175 | D        | Received a gift from Sif Muna
  1176 | D        | Got Sif Muna's Cyclopedia of Heavy Shifting {god gift}
  1210 | D        | Noticed a lorocyproca
  1232 | D        | Annihilated by a lorocyproca

Illustrated notes

Levels and vault maps discovered:
D:        dungeon_sprint_1 [red_sonja_temple_1, red_sonja_temple_small_1]

Skill      XL: |  1  2  3  4  5  6  7  8  9 10 11 |
---------------+----------------------------------+-----
Short Blades   | 2 4 5 8 10 | 10.0
Dodging        | 4 5 |  5.0
Stealth        | 5 7 9 12 16 22 27 | 27.0
Spellcasting   | 3 5 7 9 10 11 | 11.7
Hexes          | 4 5 7 9 10 | 10.0
Ice Magic      | 1 2 4 6 8 10 | 10.0
Invocations    | 2 4 |  4.8
Evocations     | 2 5 |  5.0
Fire Magic     | 1 3 |  3.9
Air Magic      | 1 4 |  4.4
Conjurations   | 1 3 |  3.7

Action                     |  1- 3 |  4- 6 |  7- 9 | 10-12 || total
---------------------------+-------+-------+-------+-------++-------
  Melee: Dagger            |     9 |     4 |   141 |    63 ||   217
         Punch             |       |       |     2 |     1 ||     3
   Cast: Ensorcelled Hiber |     2 |     2 |     4 |    13 ||    21
         Dazzling Flash    |       |       |     2 |       ||     2
         Confusing Touch   |       |       |    10 |     4 ||    14
  Evoke: Wand              |       |       |       |     2 ||     2
    Use: Potion            |     2 |       |     1 |     3 ||     6
         Scroll            |       |       |       |     8 ||     8
   Stab: Invisible         |     1 |       |     1 |       ||     2
         Sleeping          |     2 |     4 |     5 |    33 ||    44
         Confused          |       |       |     9 |     2 ||    11
 Armour: Robe              |       |       |       |     4 ||     4
  Dodge: Dodged            |     5 |       |       |    43 ||    48

Table legend: (Time is in decaauts)
 A = Elapsed time spent in this place.
 B = Non-inter-level travel time spent in this place.
 C = Inter-level travel time spent in this place.
 D = Time resting spent in this place.
 E = Time spent auto-exploring this place.
 F = Levels seen in this place.
 G = Mean time per level.
                   A        B        C        D        E       F      G
               +--------+--------+--------+--------+--------+-----+--------+
         Total |    896 |    839 |     57 |    244 |     25 |   1 |  896.0 |
       Dungeon |    896 |    839 |     57 |    244 |     25 |   1 |  896.0 |
               +--------+--------+--------+--------+--------+-----+--------+

Top non-repeatable levels by time:
       D: 896 daAuts
